Map: Tunguska

Players

FullMetal - Winner!

  • Race: Protoss Protoss

A.I. 1 (Very Easy)

  • Race: Terran Terran

VOD

Have the link to the VOD?

Description

Time

  • Played on: April 13, 2026, 2:56 a.m.
  • Length: 7:14
Show
View Real Time Build Order
Export as new Build Order

FullMetal Protoss - Winner!

Build Orders:  

Get SALT Encoding   

  12  0:00  Probe  
  13  0:12  Pylon  
  13  0:17  Probe  
  14  0:30  Gateway  
  14  0:33  Probe  
  15  0:39  Assimilator  
  15  0:45  Probe  
  15  0:49  Assimilator  
  16  0:57  Probe  
  17  1:05  Gateway  
  17  1:09  Probe  
  18  1:17  Cybernetics Core  
  18  1:21  Probe  
  18  1:22  Warp Gate  
  19  1:27  Pylon  
  19  1:35  Probe  
  20  1:45  Gateway  
  20  1:48  Probe  
  17  1:54  Stalker  
  24  2:03  Stalker  
  25  2:13  Pylon  
  25  2:21  Stalker  
  27  2:30  Stalker  
  27  2:36  Stalker  
  31  3:10  Stalker x2  
  35  3:13  Stalker  
  35  3:15  Pylon  
  37  3:33  Stalker x2  
  41  3:38  Stalker  
  43  3:51  Pylon  
  43  3:56  Stalker  
  45  4:04  Stalker  
  47  4:13  Stalker  
  49  4:23  Stalker  
  51  4:31  Stalker  
  51  4:38  Pylon  
  53  4:46  Stalker  
  55  4:56  Stalker  
  57  5:03  Stalker  
  59  5:12  Pylon  
  59  5:19  Stalker  
  61  5:28  Stalker  
  63  5:36  Stalker  
  65  5:45  Stalker  
  67  5:54  Pylon  
  67  5:59  Stalker  
  69  6:08  Stalker  
  71  6:17  Stalker  
  73  6:25  Stalker  
  75  6:34  Stalker  
  77  6:41  Pylon  
  77  6:49  Stalker  
  79  6:59  Stalker  
  81  7:06  Stalker  
Show
View Real Time Build Order
Export as new Build Order

A.I. 1 (Very Easy) Terran 

Build Orders:  

Get SALT Encoding   

  12  0:00  SCV  
  13  0:13  SCV  
  14  0:17  Supply Depot  
  14  0:37  Refinery  
  14  0:42  Barracks  
  14  1:03  Supply Depot  
  14  1:11  Refinery  
  14  1:29  Orbital Command, Marine  
  15  1:54  SCV  
  15  1:59  Marine  
  17  2:06  SCV  
  18  2:19  SCV  
  19  2:29  Marine  
  20  2:31  SCV  
  21  2:43  SCV  
  22  2:55  SCV  
  23  4:43  Marine  
  23  4:46  Supply Depot  
  23  4:50  SCV  
  19  5:03  SCV  
  12  5:15  SCV  
  3  5:27  SCV  
  3  5:39  SCV  
  4  5:51  SCV  
  5  6:02  Supply Depot  
  5  6:03  SCV  
  6  6:06  Barracks  
  5  6:33  Barracks  
  5  6:46  Command Center  
  5  6:49  Refinery  
  5  6:51  Supply Depot  
  5  7:10  Command Center  
Tags
 
Add a new tag
Caveats
  • Supply blocks, unpowered buildings, or Contaminate may cause inaccurate times.
  • Supply counts are checked every 10 seconds.